[Event "41st Amateur D7"]
[Site "ChessGUI4"]
[Date "2013.07.04"]
[Round "6.4"]
[White "ProChess 1.02AD"]
[Black "Butcher 1.64 64-bit"]
[Result "0-1"]
[BlackElo "2355"]
[ECO "D17"]
[EventDate "2013.??.??"]
[TimeControl "40/1500:40/1500:40/1500"]
[WhiteElo "2244"]

{ i5 Quad } 1.d4 d5 2.c4 c6 3.Nf3 Nf6 4.Nc3 dxc4 5.a4 Bf5 6.Ne5 e6 7.f3 Bb4 8.Bg5 h6 9.Bxf6 gxf6 { [%eval -35,12] [%emt 0:01:06] (gxf6) } 10.Nxc4
{ [%eval 5,13] [%emt 0:00:50] (Nxc4) } 10...O-O
{ [%eval -15,11] [%emt 0:00:59] (Nd7) } 11.e4
{ [%eval 0,12] [%emt 0:00:47] (d4e5) } 11...Bg6
{ [%eval -15,11] [%emt 0:00:59] (Bg6) } 12.h4
{ [%eval 6,11] [%emt 0:00:40] (Be2) } 12...Qc7
{ [%eval -58,11] [%emt 0:00:58] (h5) } 13.h5
{ [%eval 17,12] [%emt 0: 01:04] (Qd2) } 13...Bh7
{ [%eval -53,11] [%emt 0:01:04] (Bh7) } 14.Qd2
{ [%eval 20,11] [%emt 0:00:39] (Qd2) } 14...Qg3+
{ [%eval -53,11] [%emt 0:01:03] (Qg3) } 15.Kd1
{ [%eval 18,11] [%emt 0:00:30] (Qf2) } 15...Qg7
{ [%eval -54,11] [%emt 0:01:02] (Qg5) } 16.Rh3
{ [%eval 23,11] [%emt 0:00:45] (Qf2) } 16...Rd8
{ [%eval -53,11] [%emt 0:01:00] (Rd8) } 17.Qf2
{ [%eval 23,11] [%emt 0:00:49] (Qf2) } 17...Kh8
{ [%eval -69,11] [%emt 0:01:00] (Qf8) } 18.Kc1
{ [%eval 17,11] [%emt 0:01:06] (Ke1) } 18...f5
{ [%eval -128, 11] [%emt 0:00:58] (Qf8) } 19.e5
{ [%eval 14,11] [%emt 0:00:31] (Ne2) } 19...Qf8
{ [%eval -73,12] [%emt 0:01:40] (f4) } 20.f4
{ [%eval 17,11] [%emt 0:00:38] (f4) } 20...c5
{ [%eval -79,11] [%emt 0:00:48] (c5) } 21.dxc5
{ [%eval 19,12] [%emt 0:00:40] (d5) } 21...Bxc5
{ [%eval -144,12] [%emt 0:00:41] (Bxc5) } 22.Qh4
{ [%eval 17,12] [%emt 0:00:37] (Qh4) } 22...Be7
{ [%eval -141,12] [%emt 0:00:45] (Be7) } 23.Qg3
{ [%eval 16,12] [%emt 0:01:15] (Qf2) } 23...Nc6
{ [%eval -144,11] [%emt 0:00:42] (Nd7) } 24.Kb1
{ [%eval 16,11] [%emt 0:00:29] (Kb1) } 24...Rac8
{ [%eval -149,11] [%emt 0:00: 40] (f6) } 25.Qf3
{ [%eval 22,11] [%emt 0:00:22] (Ka2) } 25...a6
{ [%eval -165,11] [%emt 0:00:44] (Rb8) } 26.Bd3
{ [%eval 17,12] [%emt 0:00:45] (Ka2) } 26...Bb4
{ [%eval -195,11] [%emt 0:00:39] (Bc5) } 27.Na2
{ [%eval 13,11] [%emt 0:02:04] (Ne2) } 27...b5
{ [%eval -275,11] [%emt 0:00:36] (Qe7) } 28.axb5
{ [%eval -55,12] [%emt 0:00:19] (Nb6) } 28...axb5
{ [%eval -292,12] [%emt 0:00:43] (axb5) } 29.Nb6
{ [%eval -120,12] [%emt 0:00:23] (Nd6) } 29...Rc7
{ [%eval -364,12] [%emt 0:00:41] (Rc7) } 30.Nc3
{ [%eval -131,12] [%emt 0:00:40] (Nc3) } 30...Nd4
{ [%eval -301,11] [%emt 0: 00:40] (Bxc3) } 31.Qa8
{ [%eval -187,11] [%emt 0:00:20] (Qa8) } 31...Bc5
{ [%eval -313, 11] [%emt 0:00:39] (Bc5) } 32.Qxd8
{ [%eval -195,12] [%emt 0:00:13] (Qxd8) } 32...Qxd8
{ [%eval -329,13] [%emt 0:00:38] (Qxd8) } 33.Ra8
{ [%eval -206,14] [%emt 0:00:14] (Ra8) } 33...Rd7
{ [%eval -312,13] [%emt 0:00:34] (Rd7) } 34.Nxb5
{ [%eval -205,14] [%emt 0:00:17] (Rxd8) } 34...Bxb6
{ [%eval -316,13] [%emt 0:00:29] (Bxb6) } 35.Rxd8+
{ [%eval -208,15] [%emt 0:00:27] (Rxd8) } 35...Rxd8
{ [%eval -326,13] [%emt 0:00:25] (Rxd8) } 36.Nd6
{ [%eval -210,14] [%emt 0:00:49] (Nd6) } 36...Bg8
{ [%eval -311,11] [%emt 0:00:27] (Kg8) } 37.Rg3
{ [%eval -202,11] [%emt 0:00:09] (Rg3) } 37...Bc7
{ [%eval -317,12] [%emt 0:00:25] (Rb8) } 38.Nb7
{ [%eval -225,13] [%emt 0:00:44] (Nb7) } 38...Rb8
{ [%eval -312,12] [%emt 0:00:19] (Re8) } 39.Nc5
{ [%eval -199,13] [%emt 0:00:25] (Nc5) } 39...Ba5
{ [%eval -305,12] [%emt 0:00:18] (Bd8) } 40.Ba6
{ [%eval -205,13] [%emt 0:00:36] (Ba6) } 40...Be1
{ [%eval -307,12] [%emt 0:00:18] (Nc6) } 41.Rd3
{ [%eval -208,15] [%emt 0:01:27] (Rd3) } 41...Ne2
{ [%eval -317,14] [%emt 0: 00:50] (Rb4) } 42.Rf3
{ [%eval -203,15] [%emt 0:00:49] (Rf3) } 42...Nc3+
{ [%eval -311, 14] [%emt 0:00:49] (Nc3) } 43.Ka1
{ [%eval -214,15] [%emt 0:01:06] (Kc1) } 43...Ne4
{ [%eval -367,14] [%emt 0:00:48] (Ne4) } 44.Nd3
{ [%eval -295,15] [%emt 0:01:06] (Nxe4) } 44...Bd2
{ [%eval -408,13] [%emt 0:00:48] (Bg3) } 45.Kb1
{ [%eval -313,15] [%emt 0:00:40] (Kb1) } 45...Bh7
{ [%eval -398,12] [%emt 0:00:47] (Bh7) } 46.Kc2
{ [%eval -315,14] [%emt 0:00:55] (Kc2) } 46...Ra8
{ [%eval -394,13] [%emt 0:00:53] (Rg8) } 47.Bb5
{ [%eval -325,16] [%emt 0:01:19] (Bc4) } 47...Rg8
{ [%eval -386,13] [%emt 0: 00:52] (Rg8) } 48.g3
{ [%eval -326,15] [%emt 0:00:43] (g3) } 48...Ba5
{ [%eval -419,13] [%emt 0:00:47] (Ba5) } 49.Nc1
{ [%eval -331,14] [%emt 0:01:20] (b4) } 49...Nxg3
{ [%eval -409,12] [%emt 0:00:42] (Rc8) } 50.Nb3
{ [%eval -298,14] [%emt 0:00:28] (Be8) } 50...Bc7
{ [%eval -504,14] [%emt 0:00:51] (Bc7) } 51.Rc3
{ [%eval -371,14] [%emt 0:01:44] (Rc3) } 51...Bd8
{ [%eval -507,14] [%emt 0:00:50] (Bb8) } 52.Be8
{ [%eval -373,14] [%emt 0:01:03] (Rxg3) } 52...Nxh5
{ [%eval -534,13] [%emt 0:00:49] (Nxh5) } 53.Bxf7
{ [%eval -398,15] [%emt 0:00:48] (Bxf7) } 53...Rg2+
{ [%eval -517,14] [%emt 0:00:46] (Rg2) } 54.Nd2
{ [%eval -397,15] [%emt 0:00:40] (Kb1) } 54...Nxf4
{ [%eval -575,14] [%emt 0:00:37] (Nxf4) } 55.Rc8
{ [%eval -408,15] [%emt 0:00:48] (Rc8) } 55...Kg7
{ [%eval -564,15] [%emt 0:00:41] (Kg7) } 56.Rxd8
{ [%eval -421,15] [%emt 0:00:48] (Rxd8) } 56...Kxf7
{ [%eval -587,13] [%emt 0:00:41] (Kxf7) } 57.Rd7+
{ [%eval -420,15] [%emt 0:00:32] (Rd7) } 57...Kg8
{ [%eval -554,14] [%emt 0:00:40] (Kg6) } 58.Rd8+
{ [%eval -420,15] [%emt 0:00:26] (Rd8) } 58...Kg7
{ [%eval -560,14] [%emt 0: 00:40] (Kg7) } 59.Rd7+
{ [%eval -430,15] [%emt 0:01:54] (b4) } 59...Kh8
{ [%eval -564, 14] [%emt 0:00:36] (Kh8) } 60.Kc1
{ [%eval -439,14] [%emt 0:02:08] (b4) } 60...h5
{ [%eval -696,13] [%emt 0:00:37] (h5) } 61.Rd8+
{ [%eval -439,13] [%emt 0:00:16] (Nf3) } 61...Bg8
{ [%eval -704,13] [%emt 0:00:34] (Bg8) } 62.Kd1
{ [%eval -462,13] [%emt 0:00:26] (Nf3) } 62...h4
{ [%eval -786,14] [%emt 0:00:35] (Ng6) } 63.Rd4
{ [%eval -533,13] [%emt 0:00:13] (Rd4) } 63...Ng6
{ [%eval -807,14] [%emt 0:00:38] (Ng6) } 64.Rd3
{ [%eval -553,14] [%emt 0:00:16] (Rd3) } 64...Nxe5
{ [%eval -816,13] [%emt 0: 00:32] (Rg3) } 65.Rh3
{ [%eval -547,13] [%emt 0:00:12] (Rh3) } 65...Rg4
{ [%eval -838, 13] [%emt 0:00:37] (Ng6) } 66.Re3
{ [%eval -547,13] [%emt 0:00:17] (Kc2) } 66...Ng6
{ [%eval -866,13] [%emt 0:00:37] (Ng6) } 67.Kc2
{ [%eval -554,12] [%emt 0:00:17] (b3) } 67...Kg7
{ [%eval -871,13] [%emt 0:00:36] (Kg7) } 68.Rd3
{ [%eval -562,11] [%emt 0:00:09] (Rf3) } 68...e5
{ [%eval -902,11] [%emt 0:00:34] (Kf6) } 69.Nf1
{ [%eval -567,11] [%emt 0:00:09] (Re3) } 69...e4
{ [%eval -940,11] [%emt 0:00:33] (Rg1) } 70.Rd7+
{ [%eval -581,12] [%emt 0:00:08] (Rd2) } 70...Kf6
{ [%eval -991,12] [%emt 0: 00:31] (Kf6) } 71.Rd2
{ [%eval -635,12] [%emt 0:00:22] (b4) } 71...f4
{ [%eval -1003, 12] [%emt 0:00:30] (h3) } 72.Rd8
{ [%eval -643,11] [%emt 0:00:07] (b4) } 72...Ne5
{ [%eval -1083,11] [%emt 0:00:27] (Be6) } 73.Nd2
{ [%eval -758,11] [%emt 0:00:08] (Rd1) } 73...e3
{ [%eval -1351,11] [%emt 0:00:27] (e3) } 74.Ne4+
{ [%eval -867,11] [%emt 0:00:06] (Ne4) } 74...Kg7
{ [%eval -1538,11] [%emt 0:00:26] (Ke7) } 75.Ra8
{ [%eval -1079,11] [%emt 0:00:16] (Rc8) } 75...f3
{ [%eval -1808,11] [%emt 0:00:24] (f3) } 76.Ra7+
{ [%eval -1341,12] [%emt 0:00:19] (Nd6) } 76...Kh8
{ [%eval -1956,11] [%emt 0:00:23] (Bf7) } 77.Ra4
{ [%eval -1677,12] [%emt 0:00:13] (Ra4) } 77...e2
{ [%eval -2201,10] [%emt 0:00:21] (e2) } 78.Kd2
{ [%eval -2101,11] [%emt 0:00:06] (Ra1) } 78...Rg1
{ [%eval -2430,11] [%emt 0:00:20] (Rg1) } 79.Kc3
{ [%eval -2612,10] [%emt 0: 00:07] (Kc3) } 79...e1=Q+
{ [%eval -15981,10] [%emt 0:00:18] (e1=Q) } 80.Kd4
{ [%eval -3065,10] [%emt 0:00:11] (Kd4) } 80...f2
{ [%eval -15985,9] [%emt 0:00:14] (f2) } 81.Kc5
{ [%eval 31758,10] [%emt 0:00:58] (Kc5) } 81...Qe3+
{ [%eval -15988,9] [%emt 0:00: 44] (f1=Q) } 82.Rd4
{ [%eval 31760,11] [%emt 0:03:16] (Rd4) } 82...f1=Q
{ [%eval -15990,9] [%emt 0:00:49] (f1=Q) } 83.Kb6
{ [%eval 31762,10] [%emt 0:06:41] (Kb6) } 83...Qxd4+
{ [%eval -15992,8] [%emt 0:00:49] (Qxd4) } 84.Nc5
{ [%eval 31764,9] [%emt 0:08:33] (Nc5) } 84...Qd8+
{ [%eval -15994,7] [%emt 0:00:45] (Rg7) } 85.Ka7
{ [%eval 31766,8] [%emt 0:00:15] (Kb7) } 85...Nc6+
{ [%eval -15996,8] [%emt 0:00:45] (Qc7) } 86.Kb7
{ [%eval -2624,1] [%emt 0:00:00] (Kb7) } 86...Qb5# 0-1

[Event "41st Amateur D7"]
[Site "ChessGUI4"]
[Date "2013.07.05"]
[Round "6.5"]
[White "Waxman 2011"]
[Black "Gibbon 2.57a 64-bit"]
[Result "1-0"]
[BlackElo "2251"]
[ECO "D17"]
[EventDate "2013.??.??"]
[TimeControl "40/1500:40/1500:40/1500"]
[WhiteElo "2256"]

{ i5 Quad } 1.d4 d5 2.c4 c6 3.Nf3 Nf6 4.Nc3 dxc4 5.a4 Bf5 6.Ne5 e6 7.f3 c5 8.e4 Bg6 9.Bxc4 Nc6 { [%eval -36,12] [%emt 0: 01:01] (cxd4) } 10.Bb5
{ [%eval 62,12] [%emt 0:00:47] (Nxg6) } 10...Qxd4
{ [%eval -49, 13] [%emt 0:00:33] (Qxd4) } 11.Bf4
{ [%eval 44,12] [%emt 0:00:45] (Qxd4) } 11...O-O-O
{ [%eval -39,14] [%emt 0:01:02] (O-O-O) } 12.Nxc6
{ [%eval 60,12] [%emt 0:00:54] (Bxc6) } 12...Qxd1+
{ [%eval -104,13] [%emt 0:00:08] (Qxd1) } 13.Rxd1
{ [%eval 92,15] [%emt 0:00:49] (Rxd1) } 13...Rxd1+
{ [%eval -66,16] [%emt 0:00:28] (Rxd1) } 14.Kxd1
{ [%eval 100,16] [%emt 0:00:43] (Kxd1) } 14...bxc6
{ [%eval -65,16] [%emt 0:00:35] (bxc6) } 15.Ba6+
{ [%eval 98,14] [%emt 0:00:34] (Ba6) } 15...Kd7
{ [%eval -54,16] [%emt 0:00:57] (Kd7) } 16.Kc1
{ [%eval 107,14] [%emt 0:00:42] (Ke2) } 16...Bd6
{ [%eval -56,16] [%emt 0:01:07] (Bd6) } 17.Rd1
{ [%eval 108,14] [%emt 0:00:36] (Rd1) } 17...Nd5
{ [%eval -51,16] [%emt 0:01:06] (Nd5) } 18.Bxd6
{ [%eval 105,14] [%emt 0:00:48] (Bxd6) } 18...Kxd6
{ [%eval -51,15] [%emt 0:00:04] (Kxd6) } 19.exd5
{ [%eval 102,14] [%emt 0:00:45] (f4) } 19...exd5
{ [%eval -47,16] [%emt 0:00:50] (cxd5) } 20.Ne4+
{ [%eval 133,15] [%emt 0:00:28] (Ne4) } 20...Bxe4
{ [%eval -48,17] [%emt 0:00: 50] (Bxe4) } 21.fxe4
{ [%eval 137,14] [%emt 0:00:21] (fxe4) } 21...Re8
{ [%eval -46,17] [%emt 0:00:58] (d4) } 22.Bd3
{ [%eval 134,15] [%emt 0:00:33] (exd5) } 22...c4
{ [%eval -36,15] [%emt 0:00:14] (c4) } 23.Bxc4
{ [%eval 135,15] [%emt 0:00:28] (Bxc4) } 23...Rxe4
{ [%eval -37,15] [%emt 0:00:16] (Rxe4) } 24.b3
{ [%eval 132,15] [%emt 0:00:43] (Bb3) } 24...a5
{ [%eval -44,15] [%emt 0:00:42] (a5) } 25.Bd3
{ [%eval 130,16] [%emt 0:00:36] (Bd3) } 25...Rh4
{ [%eval -50,16] [%emt 0:00:44] (Re5) } 26.h3
{ [%eval 132,14] [%emt 0:00:18] (h3) } 26...g6
{ [%eval -44,16] [%emt 0:00:14] (g6) } 27.Re1
{ [%eval 131,16] [%emt 0:00:47] (Re1) } 27...f5
{ [%eval -47,16] [%emt 0:00:18] (f5) } 28.Re8
{ [%eval 130,16] [%emt 0:00:56] (Kc2) } 28...Kc5
{ [%eval -55,16] [%emt 0:00:32] (Rf4) } 29.Ra8
{ [%eval 160,16] [%emt 0:00:48] (Kd2) } 29...Rd4
{ [%eval -61, 15] [%emt 0:00:10] (Rf4) } 30.Bc2
{ [%eval 198,16] [%emt 0:00:34] (Kd2) } 30...Kb6
{ [%eval -129,16] [%emt 0:00:14] (Rf4) } 31.g3
{ [%eval 219,16] [%emt 0:00:44] (g3) } 31...h6
{ [%eval -148,16] [%emt 0:00:14] (f4) } 32.Rg8
{ [%eval 245,17] [%emt 0: 00:38] (Rg8) } 32...f4
{ [%eval -176,18] [%emt 0:00:19] (f4) } 33.gxf4
{ [%eval 260,18] [%emt 0:00:47] (gxf4) } 33...Rxf4
{ [%eval -206,18] [%emt 0:00:26] (Rxf4) } 34.Rxg6
{ [%eval 269,18] [%emt 0:00:40] (Rxg6) } 34...h5
{ [%eval -214,18] [%emt 0:00:11] (h5) } 35.Rh6
{ [%eval 289,19] [%emt 0:00:50] (Rh6) } 35...h4
{ [%eval -251,18] [%emt 0:00: 15] (h4) } 36.Bd1
{ [%eval 291,20] [%emt 0:01:33] (Bd1) } 36...Kc5
{ [%eval -253,18] [%emt 0:00:08] (Kc5) } 37.Bg4
{ [%eval 303,19] [%emt 0:00:56] (Kc2) } 37...Kb4
{ [%eval -244,18] [%emt 0:00:16] (Rf1) } 38.Rxh4
{ [%eval 305,18] [%emt 0:00:34] (Rxc6) } 38...c5
{ [%eval -247,17] [%emt 0:00:08] (Kc3) } 39.Kd2
{ [%eval 305,18] [%emt 0:00:28] (Kd2) } 39...d4
{ [%eval -265,17] [%emt 0:00:15] (Rd4) } 40.Kd3
{ [%eval 307,17] [%emt 0:00:16] (Rh5) } 40...Rf1
{ [%eval -272,18] [%emt 0:00:16] (Rf2) } 41.Be6
{ [%eval 308,17] [%emt 0:00:23] (Be6) } 41...Rf3+
{ [%eval -291,18] [%emt 0:00: 48] (Rf3) } 42.Kd2
{ [%eval 317,18] [%emt 0:00:22] (Ke4) } 42...Rf2+
{ [%eval -277,20] [%emt 0:01:14] (Rf2) } 43.Kd1
{ [%eval 325,18] [%emt 0:00:33] (Ke1) } 43...Rf3
{ [%eval -277,19] [%emt 0:00:35] (Rf6) } 44.Re4
{ [%eval 335,17] [%emt 0:00:35] (Rh5) } 44...Rf2
{ [%eval -278,20] [%emt 0:01:44] (Rf2) } 45.Re2
{ [%eval 350,17] [%emt 0:00:33] (Ke1) } 45...Rf4
{ [%eval -298,19] [%emt 0:00:47] (Rf3) } 46.Bc4
{ [%eval 355,17] [%emt 0:00:32] (Kc1) } 46...Rf5
{ [%eval -289,18] [%emt 0:00:23] (Rf3) } 47.h4
{ [%eval 384,18] [%emt 0:00:46] (Kc2) } 47...Kc3
{ [%eval -313,19] [%emt 0:00: 44] (Rf3) } 48.Rc2+
{ [%eval 471,20] [%emt 0:00:40] (Rd2) } 48...Kb4
{ [%eval -313,16] [%emt 0:00:00] (Kb4) } 49.Kc1
{ [%eval 471,20] [%emt 0:01:39] (Kc1) } 49...Ka3
{ [%eval -379,20] [%emt 0:00:34] (Ka3) } 50.b4
{ [%eval 483,17] [%emt 0:00:28] (Rg2) } 50...Kxb4
{ [%eval -827,19] [%emt 0:01:18] (Rf3) } 51.Kb2
{ [%eval 959,19] [%emt 0:00:38] (Kb2) } 51...d3
{ [%eval -1133,21] [%emt 0:00:25] (d3) } 52.Bxd3
{ [%eval 1014,19] [%emt 0:00:22] (Bxd3) } 52...Rf4
{ [%eval -1267,21] [%emt 0:00:27] (Rf4) } 53.h5
{ [%eval 1233,19] [%emt 0:00:33] (h5) } 53...Rh4
{ [%eval -1324,20] [%emt 0:00:41] (Kxa4) } 1-0

[Event "41st Amateur D7"]
[Site "ChessGUI4"]
[Date "2013.07.05"]
[Round "7.1"]
[White "Shallow 1.0 64-bit"]
[Black "Carballo 0.8"]
[Result "1-0"]
[BlackElo "2273"]
[ECO "D45"]
[EventDate "2013.??.??"]
[TimeControl "40/1500:40/1500:40/1500"]
[WhiteElo "2200"]

{ i5 Quad } 1.d4 d5 2.c4 c6 3.Nc3 Nf6 4.e3 e6 5.Nf3 a6 6.Qc2 c5 7.dxc5 Bxc5 8.a3 O-O 9.b4 Bd6
{ [%eval -1,13] [%emt 0:00: 37] (Ba7) } 10.Bb2
{ [%eval 13,13] [%emt 0:00:42] (Bb2) } 10...a5
{ [%eval 12,12] [%emt 0:00:36] (a5) } 11.c5
{ [%eval 28,14] [%emt 0:00:42] (b5) } 11...axb4
{ [%eval 4, 13] [%emt 0:00:35] (axb4) } 12.axb4
{ [%eval 31,14] [%emt 0:00:42] (axb4) } 12...Rxa1+
{ [%eval 0,14] [%emt 0:00:34] (Rxa1) } 13.Bxa1
{ [%eval 18,15] [%emt 0:00:42] (Bxa1) } 13...Bc7
{ [%eval 4,14] [%emt 0:00:33] (Bc7) } 14.Nb5
{ [%eval 20,14] [%emt 0: 00:42] (Nb5) } 14...Nc6
{ [%eval -12,14] [%emt 0:00:32] (Nbd7) } 15.Bxf6
{ [%eval 41, 14] [%emt 0:00:42] (Bxf6) } 15...gxf6
{ [%eval -16,15] [%emt 0:00:32] (gxf6) } 16.Qb2
{ [%eval 38,14] [%emt 0:00:42] (Qc3) } 16...Ne5
{ [%eval -11,14] [%emt 0:00:31] (Ne5) } 17.Nfd4
{ [%eval 40,13] [%emt 0:00:42] (Nxe5) } 17...Bd7
{ [%eval -1,14] [%emt 0:00: 30] (Ng6) } 18.Be2
{ [%eval 37,14] [%emt 0:00:42] (Be2) } 18...Nc4
{ [%eval -7,14] [%emt 0:00:29] (Bb8) } 19.Qc2
{ [%eval 45,14] [%emt 0:00:42] (Bxc4) } 19...e5
{ [%eval -24,15] [%emt 0:00:29] (Ne5) } 20.Nxc7
{ [%eval 48,14] [%emt 0:00:42] (Nxc7) } 20...Qxc7
{ [%eval -24,15] [%emt 0:00:28] (Qxc7) } 21.Nb3
{ [%eval 49,13] [%emt 0:00:42] (Nf5) } 21...b5
{ [%eval -4,12] [%emt 0:00:27] (Ra8) } 22.O-O
{ [%eval 76,13] [%emt 0:00:42] (O-O) } 22...Be6
{ [%eval -7,12] [%emt 0:00:26] (f5) } 23.Ra1
{ [%eval 76,13] [%emt 0:00:42] (Ra1) } 23...Kh8
{ [%eval -14,12] [%emt 0:00:26] (f5) } 24.Bd3
{ [%eval 87,12] [%emt 0:00:42] (Qa2) } 24...h5
{ [%eval -7,12] [%emt 0:00:25] (Qb7) } 25.e4
{ [%eval 110,12] [%emt 0:00:42] (Qd1) } 25...Rg8
{ [%eval -17,12] [%emt 0:00:24] (dxe4) } 26.Qc1
{ [%eval 101,12] [%emt 0:00:42] (g3) } 26...Kg7
{ [%eval -54, 14] [%emt 0:00:24] (Kg7) } 27.exd5
{ [%eval 146,14] [%emt 0:00:42] (exd5) } 27...Bxd5
{ [%eval -35,14] [%emt 0:00:23] (Bxd5) } 28.Na5
{ [%eval 95,13] [%emt 0:00:42] (Na5) } 28...Nxa5
{ [%eval -35,14] [%emt 0:00:23] (Nxa5) } 29.Rxa5
{ [%eval 94,12] [%emt 0:00:42] (Rxa5) } 29...Qd7
{ [%eval -43,13] [%emt 0:00:22] (Qd7) } 30.Be2
{ [%eval 96,12] [%emt 0:00:42] (Be2) } 30...Bc6
{ [%eval -47,12] [%emt 0:00:21] (Bc6) } 31.Ra3
{ [%eval 83,11] [%emt 0:00:42] (Qd1) } 31...Kh7
{ [%eval -17,12] [%emt 0:00:21] (h4) } 32.Bf1
{ [%eval 63,12] [%emt 0:00:42] (g3) } 32...Qg4
{ [%eval 24,11] [%emt 0: 00:20] (Qg4) } 33.Qb1+
{ [%eval 56,13] [%emt 0:00:42] (f4) } 33...Kh8
{ [%eval -10,13] [%emt 0:00:20] (Be4) } 34.Rg3
{ [%eval 75,13] [%emt 0:00:42] (Rg3) } 34...Qd4
{ [%eval -14,13] [%emt 0:00:19] (Qd7) } 35.Rh3
{ [%eval 74,13] [%emt 0:00:42] (Rxg8) } 35...Qg4
{ [%eval -12,13] [%emt 0:00:19] (Rg5) } 36.Qb3
{ [%eval 106,13] [%emt 0:00:42] (Rg3) } 36...Rg7
{ [%eval -34,14] [%emt 0:00:18] (Be8) } 37.Qd3
{ [%eval 92,14] [%emt 0:00:42] (g3) } 37...Kg8
{ [%eval -38,13] [%emt 0:00:18] (Kg8) } 38.Qd8+
{ [%eval 88,13] [%emt 0:00:42] (Qd8) } 38...Kh7
{ [%eval -61,16] [%emt 0:00: 17] (Kh7) } 39.Rg3
{ [%eval 88,14] [%emt 0:00:42] (Qxf6) } 39...Qxb4
{ [%eval -51,14] [%emt 0:00:17] (Qf5) } 40.Qxf6
{ [%eval 102,13] [%emt 0:00:42] (Qxf6) } 40...Rxg3
{ [%eval -45,15] [%emt 0:00:17] (Rxg3) } 41.hxg3
{ [%eval 104,13] [%emt 0:00:37] (hxg3) } 41...Qxc5
{ [%eval -63,16] [%emt 0:00:54] (Qxc5) } 42.Qxf7+
{ [%eval 108,12] [%emt 0:00:37] (Qxf7) } 42...Kh6
{ [%eval -50,15] [%emt 0:00:52] (Kh6) } 43.Qf6+
{ [%eval 107,12] [%emt 0:00:37] (Be2) } 43...Kh7
{ [%eval -68,15] [%emt 0:00:51] (Kh7) } 44.Qf5+
{ [%eval 107,12] [%emt 0:00:37] (Qg5) } 44...Kg7
{ [%eval -49,15] [%emt 0:00: 50] (Kg7) } 45.Be2
{ [%eval 107,12] [%emt 0:00:37] (Qxh5) } 45...b4
{ [%eval -56,13] [%emt 0:00:48] (b4) } 46.Qg5+
{ [%eval 112,12] [%emt 0:00:37] (Bxh5) } 46...Kf7
{ [%eval -38,14] [%emt 0:00:47] (Kf7) } 47.Bxh5+
{ [%eval 112,11] [%emt 0:00:37] (Bxh5) } 47...Ke6
{ [%eval -74,14] [%emt 0:00:46] (Ke6) } 48.Bg4+
{ [%eval 111,11] [%emt 0:00:37] (Bg4) } 48...Kf7
{ [%eval -39,13] [%emt 0:00:45] (Kf7) } 49.Qf5+
{ [%eval 110,11] [%emt 0:00:37] (Kh2) } 49...Kg7
{ [%eval -81,16] [%emt 0:00:44] (Kg7) } 50.Bd1
{ [%eval 110,10] [%emt 0:00:37] (Qg5) } 50...Qd6
{ [%eval -74,13] [%emt 0:00: 43] (Qd4) } 51.Bb3
{ [%eval 118,11] [%emt 0:00:37] (Qg5) } 51...Qe7
{ [%eval -79,15] [%emt 0:00:42] (Qe7) } 52.Qg4+
{ [%eval 118,12] [%emt 0:00:37] (Qg4) } 52...Kh6
{ [%eval -90,15] [%emt 0:00:40] (Kh6) } 53.Bc2
{ [%eval 118,12] [%emt 0:00:37] (Qh3) } 53...e4
{ [%eval -99,15] [%emt 0:00:39] (Qd6) } 54.Qf5
{ [%eval 139,12] [%emt 0:00:37] (Qf5) } 54...Kg7
{ [%eval -92,15] [%emt 0:00:38] (Kg7) } 55.f3
{ [%eval 133, 11] [%emt 0:00:37] (g4) } 55...Bd7
{ [%eval -79,13] [%emt 0:00:37] (b3) } 56.Qxe4
{ [%eval 172,13] [%emt 0:00:37] (Qxe4) } 56...Qxe4
{ [%eval -133,16] [%emt 0:00:37] (Qxe4) } 57.Bxe4
{ [%eval 204,16] [%emt 0:00:37] (Bxe4) } 57...b3
{ [%eval -146,16] [%emt 0:00:36] (Ba4) } 58.Kf2
{ [%eval 318,16] [%emt 0:00:37] (g4) } 58...Be6
{ [%eval -159,16] [%emt 0:00:35] (Kf6) } 59.Ke3
{ [%eval 328,16] [%emt 0:00:37] (Ke3) } 59...Kf6
{ [%eval -238,18] [%emt 0:00:34] (Kf6) } 60.Kd3
{ [%eval 333,16] [%emt 0:00:37] (Kd4) } 60...Ke7
{ [%eval -290,18] [%emt 0:00:33] (Ke7) } 61.Kc3
{ [%eval 334,15] [%emt 0:00:37] (Kc3) } 61...Kf6
{ [%eval -309,18] [%emt 0:00:32] (Kd7) } 62.f4
{ [%eval 355,16] [%emt 0:00:37] (Bc6) } 62...b2
{ [%eval -310,19] [%emt 0:00:31] (Bf7) } 63.Kxb2
{ [%eval 483,16] [%emt 0:00:37] (Kxb2) } 63...Bd7
{ [%eval -491,23] [%emt 0:00:31] (Bg4) } 64.Kc3
{ [%eval 483,17] [%emt 0:00:37] (Kc3) } 64...Be6
{ [%eval -491,22] [%emt 0:00:30] (Be6) } 65.Kd4
{ [%eval 483,16] [%emt 0:00:37] (Kd4) } 65...Bd7
{ [%eval -506,20] [%emt 0:00:29] (Bf5) } 66.Ke3
{ [%eval 483,16] [%emt 0:00:37] (Bf3) } 66...Bg4
{ [%eval -522,21] [%emt 0:00:28] (Ke6) } 1-0